cohdb
Replays
Latest Replays
All Replays
Popular Replays
Top Player Replays
Match Explorer
How It Works
Community
CoH3 Stats
Reddit
Sign in to upload your games and track your stats! →
Sign in with Steam
Match 39920462
Unlisted
Match 39920462
Overview
Messages
Build Orders
End
Selects Special Operations Battlegroup
Selects M29 Weasel Recon Vehicle
Construct Barracks
M29 Weasel Recon Vehicle
Riflemen Squad
Riflemen Squad
Grenade Package
Riflemen Squad
Infantry Support Center
Construct Weapon Support Center
Bazooka Squad
Bazooka Squad
Selects Raiding Flares
M1918 Browning Automatic Rifles
Improved M9 Bazooka Rockets
Engineer Squad
Bazooka Squad
Bazooka Squad
Bazooka Squad
我的臭脚随莱闻
Gravey
摩诘
神鹰
剩者为王
冲锋大哥
apple
只出曲线
0
0
Comments
sign in to comment!
No comments posted yet!